 Dungeon Crawl Stone Soup version 0.20-a0-59-g66a9409 (webtiles) character file.

14 KristoblXynda the Caller (level 2, 0/15 HPs)
             Began as a Deep Elf Summoner on Nov 16, 2016.
             Slain by a gnoll
             ... wielding a +0 spear
              (2 damage)
             ... on level 2 of the Dungeon.
             The game lasted 00:01:57 (1353 turns).

KristoblXynda the Caller (Deep Elf Summoner)        Turns: 1353, Time: 00:01:58

Health: 0/15       AC:  3    Str:  5    XL:     2   Next: 27%
Magic:  3/8        EV: 13    Int: 19    God:
Gold:   58         SH:  0    Dex: 15    Spells: 2 memorised, 5 levels left

rFire  . . .     SeeInvis .     f - +0 dagger
rCold  . . .     Gourm    .     a - +0 robe
rNeg   . . .     Faith    .     (no shield)
rPois  .         Spirit   .     (no helmet)
rElec  .         Reflect  .     (no cloak)
rCorr  .         Harm     .     d - +0 pair of gloves
MR     .....                    (no boots)
Stlth  ++........               i - amulet of magic regeneration
                                (no ring)
                                (no ring)

@: no status effects
A: no striking features
a: no special abilities


You were on level 2 of the Dungeon.
You were not hungry.

You visited 1 branch of the dungeon, and saw 2 of its levels.

You collected 58 gold pieces.

Inventory:

Hand Weapons
 f - a +0 dagger (weapon)
Armour
 a - a +0 robe (worn)
 d - a +0 pair of gloves (worn)
Jewellery
 i - an amulet of magic regeneration (around neck)
Scrolls
 e - a scroll of enchant weapon {unknown}
 h - a scroll of noise {unknown}
 j - a scroll of recharging {unknown}
 k - a scroll of identify {unknown}
Potions
 g - a potion of flight {unknown}
Books
 b - a book of Callings

   Spells                             Type                      Level
   a - Summon Small Mammal            Summoning                    1
   b - Call Imp                       Summoning                    2
   c - Call Canine Familiar           Summoning                    3
   d - Summon Guardian Golem          Hexes/Summoning              3
   e - Summon Lightning Spire         Summoning/Air                4
   f - Summon Ice Beast               Ice/Summoning                4
Comestibles
 c - 3 bread rations


   Skills:
 - Level 2.4 Dodging
 - Level 2.4 Stealth
 + Level 3.5 Spellcasting
 + Level 4.8 Summonings


You had 5 spell levels left.
You knew the following spells:

 Your Spells              Type           Power        Failure   Level  Hunger
a - Summon Small Mammal   Summ           ###.         1%          1    None
b - Call Imp              Summ           ###.....     3%          2    ##.....


Dungeon Overview and Level Annotations

Branches:
Dungeon (2/15)

Altars:


Message History

A beastly little devil appears in a puff of flame.
The gnoll barely misses you. The kobold completely misses you.
Your crimson imp closely misses the gnoll.
A gnoll comes into view. It is wielding a spear.
Unknown command.
The gnoll hits your crimson imp but does no damage.
Your crimson imp closely misses the gnoll.
You see here a throwing net.
Casting: Call Imp
Confirm with . or Enter, or press ? or * to list all spells.
A beastly little devil appears in a puff of flame.
The gnoll hits you from afar with a spear!
* * * LOW HITPOINT WARNING * * *
Your crimson imp blinks!
The kobold closely misses you.
The gnoll hits your crimson imp with a spear!
Your crimson imp barely misses the gnoll.
Your crimson imp blinks!
The gnoll hits you from afar with a spear.
You die...

###..#..##.###.##
.....(..........#
#####.#.g##.###.#
........g.......#
........g.(.....#
.#.####.5.......#
......g(##.######
#.###..K..........
......5@...#######
#.###...####
.###...#########
.................
.....ยง...########
....#....#
#.#.#....#
#.#.#....####
...........#####


You could see 4 gnolls, a kobold and 2 friendly crimson imps.

Vanquished Creatures
  An ooze (D:1)
  A bat (D:1)
  A quokka (D:2)
  A rat (D:1)
4 creatures vanquished.

Vanquished Creatures (collateral kills)
  A goblin (D:1)
  2 hobgoblins (D:1)
  2 kobolds (D:1)
  2 frilled lizards (D:1)
7 creatures vanquished.

Grand Total: 11 creatures vanquished

Notes
Turn   | Place    | Note
-------+----------+-------------------------------------------
     0 | D:1      | KristoblXynda the Deep Elf Summoner began the quest for the Orb.
     0 | D:1      | Reached XP level 1. HP: 10/10 MP: 6/6
   591 | D:1      | Reached XP level 2. HP: 8/15 MP: 6/8
   852 | D:1      | Learned a level 2 spell: Call Imp
  1353 | D:2      | Slain by a gnoll

Vault maps used:
D:1:      minmay_arrival_split_and_join, minmay_cut_off
D:2:      lightli_temple_of_fire, first_bread, minmay_hexomino_f4, uniq_jessica,
          uniq_natasha

Action                   || total
-------------------------++-------
Melee: Dagger            ||    20
       Club              ||     5
 Cast: Summon Small Mamm ||    15
       Call Imp          ||     3
 Stab: Sleeping          ||     2
  Eat: Chunk             ||     1
Dodge: Dodged            ||    24
